 Dungeon Crawl Stone Soup version 0.17-a0-1954-g0dddeaa (webtiles) character file.

1814 mrath the Cleaver (level 8, -5/71 HPs)
             Began as a Minotaur Fighter on Oct 3, 2015.
             Was an Initiate of Okawaru.
             Slain by 4thArraOfDagon's ghost (8 damage)
             ... on level 8 of the Dungeon on Oct 4, 2015.
             The game lasted 01:01:16 (7954 turns).

mrath the Cleaver (Minotaur Fighter)                Turns: 7954, Time: 01:01:16

Health: -5/71      AC: 17    Str: 24    XL:     8   Next: 84%
Magic:  7/7        EV:  6    Int:  5    God:    Okawaru [......]
Gold:   502        SH: 10    Dex:  9    Spells: 0 memorised, 7 levels left

rFire  . . .     SeeInvis .     a - +0 war axe
rCold  . . .     Clarity  .     y - +0 plate armour
rNeg   . . .     SustAt   +     c - +0 shield
rPois  +         Gourm    .     (helmet restricted)
rElec  .         Spirit   .     (no cloak)
rCorr  .         Warding  .     v - +0 pair of gloves
rMut   .         Stasis   .     B - +2 pair of boots {Stlth+}
MR     .....                    G - amulet of rage
Stlth  ..........               q - ring of sustain attributes
                                n - ring of poison resistance

@: not resistant to hostile enchantments, extremely unstealthy
A: retaliatory headbutt, horns 2
a: Renounce Religion, Evoke Berserk Rage


You were on level 8 of the Dungeon.
You worshipped Okawaru.
Okawaru was noncommittal.
You were not hungry.

You visited 2 branches of the dungeon, and saw 9 of its levels.

You collected 502 gold pieces.

Inventory:

Hand weapons
 a - a +0 war axe (weapon)
 f - a +0 hunting sling
 h - a +0 spear
 C - a +0 flail
Missiles
 g - 132 stones
 j - 3 tomahawks (quivered)
 p - 66 sling bullets
 F - 15 poisoned needles
Armour
 b - a +0 scale mail
 c - a +0 shield (worn)
 v - a +0 pair of gloves (worn)
 y - a +0 plate armour (worn)
 B - a +2 pair of boots of stealth (worn)
Magical staves
 J - an uncursed staff of poison
Jewellery
 n - a ring of poison resistance (left hand)
 q - a ring of sustain attributes (right hand)
 s - an uncursed ring of fire
 G - an amulet of rage (around neck)
 O - the ring of Shadows {Umbra +Inv rN+ SInv}
   (You found it on level 6 of the Dungeon)

   [ring of invisibility]

   It protects you from negative energy.
   It lets you see invisible.
   It lets you turn invisible.
Magical devices
 r - a wand of enslavement (5)
 w - a wand of magic darts (19)
 K - a wand of confusion (23)
 P - a wand of disintegration (7)
 U - a wand of frost (10)
Scrolls
 i - 2 scrolls of magic mapping {unknown}
 m - 6 scrolls of identify {unknown}
 t - 3 scrolls of fog {unknown}
 u - a scroll of immolation {unknown}
 x - 2 scrolls of teleportation {unknown}
 A - 2 scrolls of amnesia {unknown}
 H - 4 scrolls of remove curse {unknown}
 L - a scroll of blinking {unknown}
 Q - a scroll of enchant armour {unknown}
 R - a scroll of enchant weapon {unknown}
 T - a scroll of acquirement {unknown}
Potions
 d - 2 potions of brilliance {unknown}
 k - 6 potions of curing {unknown}
 l - a potion of ambrosia {unknown}
 o - a potion of resistance {unknown}
 z - 4 potions of haste {unknown}
 D - a potion of cure mutation {unknown}
 I - a potion of flight {unknown}
 M - a potion of magic {unknown}
 N - 2 potions of poison {unknown}
Books
 E - a book of the Dragon

   Spells                             Type                      Level
   a - Flame Tongue                   Conjuration/Fire             1
   b - Cause Fear                     Hexes                        4
   c - Bolt of Fire                   Conjuration/Fire             6
   d - Dragon Form                    Transmutation                7
   e - Dragon's Call                  Summoning                    9
Comestibles
 e - 7 bread rations
 S - 4 chunks of flesh


   Skills:
 + Level 6.4 Fighting
 + Level 8.7 Axes
 + Level 6.6 Armour
 + Level 4.7 Dodging
 + Level 6.4 Shields


You had 7 spell levels left.
You didn't know any spells.

Dungeon Overview and Level Annotations

Branches:
Dungeon (8/15)             Temple (1/1) D:7
   Lair: D:8-11

Altars:
Ashenzari
Dithmenos
Fedhas
Gozag
Kikubaaqudgha
Makhleb
Nemelex Xobeh
Okawaru
Qazlal
Ru
Sif Muna
Vehumet
Xom
Zin
The Shining One
Jiyva

Shops:
D:5 (*(*   D:8 *

Annotations:
D:8 4thArraOfDagon's ghost, experienced TrMo


Innate Abilities, Weirdness & Mutations

You reflexively headbutt those who attack you in melee.
You have a pair of horns on your head.


Message History

You hit 4thArraOfDagon's ghost.
Your headbutt misses 4thArraOfDagon's ghost. 4thArraOfDagon's ghost is moderately damaged. 4thArraOfDagon's ghost hits you!
* * * LOW HITPOINT WARNING * * *
You closely miss 4thArraOfDagon's ghost.
Your headbutt misses 4thArraOfDagon's ghost. 4thArraOfDagon's ghost is moderately damaged. 4thArraOfDagon's ghost hits you but does no damage.
You closely miss 4thArraOfDagon's ghost.
You headbutt 4thArraOfDagon's ghost, but do no damage. 4thArraOfDagon's ghost is moderately damaged. 4thArraOfDagon's ghost hits you but does no damage.
You slash 4thArraOfDagon's ghost! 4thArraOfDagon's ghost is heavily damaged.
You block 4thArraOfDagon's ghost's attack.
You hit 4thArraOfDagon's ghost. 4thArraOfDagon's ghost is heavily damaged. 4thArraOfDagon's ghost hits you!
You die...

#. #. ##.## ...# #..#
# . #..##.#### #.
#>.......## ##'#
#@#####..# ##..W##
#W.......# ##.....##
#....PP..#
.#.......## #.#.P∩..#
#.........###....PP.#
+...[..<.÷'....(....#
#.........###(....###
##.......## ###.#.#
##.....## ##.#


You could see 4thArraOfDagon's ghost.

Vanquished Creatures
  A spriggan (D:7)
  A water moccasin (D:7)
  2 orc warriors
  A sky beast (D:5)
  3 ogres (D:5)
  A giant frog (D:6)
  3 scorpions
  A water moccasin skeleton (D:5)
  A crimson imp (D:3)
  3 hounds
  A jelly (D:6)
  2 orc wizards
  An iguana (D:8)
  3 giant frog skeletons
  2 orc priests
  8 worker ants
  2 worker ant zombies
  8 adders
  An ooze (D:3)
  An adder skeleton (D:7)
  2 worms
  6 giant geckos
  5 orcs
  5 giant cockroaches
  8 hobgoblins
  7 jackals (D:4)
  6 kobolds
  4 quokkas
  3 ball pythons
  4 bats
  A giant gecko zombie (D:5)
  4 giant newts
  7 goblins
  3 hobgoblin zombies (D:7)
  2 jackal skeletons
  A kobold zombie (D:7)
  A quokka zombie (D:5)
  9 rats
  3 plants (D:5)
127 creatures vanquished.

Vanquished Creatures (others)
  An orc wizard (D:6)
1 creature vanquished.

Grand Total: 128 creatures vanquished

Notes
Turn   | Place    | Note
--------------------------------------------------------------
     0 | D:1      | mrath the Minotaur Fighter began the quest for the Orb.
     0 | D:1      | Reached XP level 1. HP: 19/19 MP: 0/0
   132 | D:1      | Reached XP level 2. HP: 21/26 MP: 1/1
   956 | D:2      | Reached skill level 4 in Axes
  1353 | D:2      | Reached XP level 3. HP: 31/31 MP: 2/2
  1760 | D:2      | Reached skill level 5 in Axes
  2033 | D:2      | Reached XP level 4. HP: 27/39 MP: 3/3
  2388 | D:3      | Found a glowing golden altar of the Shining One.
  2428 | D:3      | Reached skill level 6 in Axes
  2432 | D:3      | Reached XP level 5. HP: 43/45 MP: 4/4
  2584 | D:3      | Found a radiant altar of Vehumet.
  2844 | D:3      | Found a burning altar of Makhleb.
  2844 | D:3      | Found a shimmering altar of Xom.
  3091 | D:3      | Found a blossoming altar of Fedhas.
  3303 | D:4      | Reached skill level 1 in Dodging
  3306 | D:4      | Found a shattered altar of Ashenzari.
  3575 | D:4      | Found a shimmering altar of Xom.
  3597 | D:4      | Found a shimmering altar of Xom.
  3597 | D:4      | Found a shimmering altar of Xom.
  3599 | D:4      | Found a shimmering altar of Xom.
  3599 | D:4      | Found a shimmering altar of Xom.
  3682 | D:4      | Found a shimmering altar of Xom.
  3695 | D:4      | Found a shimmering altar of Xom.
  3699 | D:4      | Found a shimmering altar of Xom.
  3704 | D:4      | You fall through a shaft!
  3704 | D:5      | Entered Level 5 of the Dungeon
  3704 | D:5      | Found Qostor's Antique Weapon Boutique.
  3861 | D:4      | Reached XP level 6. HP: 50/52 MP: 5/5
  4146 | D:5      | Found Taprio Jodis's Weapon Shoppe.
  4195 | D:5      | Noticed an ogre
  4204 | D:5      | Killed an ogre
  4204 | D:5      | Reached skill level 7 in Axes
  4322 | D:5      | Noticed a sky beast
  4338 | D:5      | Reached XP level 7. HP: 41/60 MP: 6/6
  4356 | D:5      | Killed a sky beast
  4769 | D:5      | Reached skill level 5 in Armour
  4769 | D:5      | Reached skill level 5 in Shields
  4879 | D:5      | Reached skill level 5 in Fighting
  5059 | D:5      | Found Zytev's Assorted Antiques.
  5138 | D:5      | Noticed an ogre
  5149 | D:5      | Killed an ogre
  5312 | D:5      | Found Icrueros's General Store.
  5791 | D:6      | Found an ancient bone altar of Kikubaaqudgha.
  5835 | D:6      | Reached skill level 8 in Axes
  5835 | D:6      | Reached XP level 8. HP: 9/69 MP: 7/7
  6353 | D:6      | You fall through a shaft!
  6768 | D:7      | Found a staircase to the Ecumenical Temple.
  6777 | Temple   | Entered the Ecumenical Temple
  6796 | Temple   | Became a worshipper of Warmaster Okawaru
  7091 | D:6      | Found an opulent altar of Gozag.
  7258 | D:6      | Found a sacrificial altar of Ru.
  7524 | D:7      | Found a radiant altar of Vehumet.
  7910 | D:8      | Found Neppiti's Assorted Antiques.
  7932 | D:8      | Noticed 4thArraOfDagon's ghost (experienced TrMo)
  7950 | D:8      | HP: 2/71 [4thArraOfDagon's ghost (13)]
  7954 | D:8      | Slain by 4thArraOfDagon's ghost

Vault maps used:
D:1:      lemuel_arrival_behind_the_door_small, minmay_misc_feat_encased,
          hangedman_abyss_or_decor_stabs
D:2:      kennysheep_decorative_pillar
D:3:      grunt_temple_overflow_champion_of_chaos, fedhas_altar_1,
          tso_oasis_becter, vehumet_altar_wand_db
D:4:      cheibrodos_ashenzari_chains, first_bread, xom_redecorated
D:5:      wad_lake_hut, serial_shops, shop, shop, shop, nicolae_shop_crystal
D:6:      nicolae_gozag_cash_rules_everything_around_me,
          nicolae_ru_path_of_blood, kiku_gazebo_garden_becter
D:7:      old_standard_altar, minmay_temple_entry_glassed_door, the_bakery,
          minmay_mini_ossuary
D:8:      lemuel_crystal_altar, serial_shops, nicolae_shop_overgrown_old_shop,
          shop, shop, nicolae_shop_statue_plus, kennysheep_mini_moat,
          nicolae_lava_and_water
Temple:   pf_slimified_temple

Action                   |  1- 3 |  4- 6 |  7- 9 || total
-------------------------+-------+-------+-------++-------
Melee: War axe           |    63 |   133 |   200 ||   396
       Staff             |       |       |     5 ||     5
Throw: Tomahawk          |    12 |    27 |    29 ||    68
  Use: Potion            |       |       |     1 ||     1
  Eat: Chunk             |     3 |     6 |     3 ||    12
       Beef jerky        |       |     1 |       ||     1
       Fruit             |       |       |     3 ||     3
       Bread ration      |       |       |     2 ||     2
